 Dungeon Crawl Stone Soup version 0.28-a0-1213-g0243856f03 (webtiles) character file.

Game seed: 4861422432329507878

4949 bande the Cleaver (level 10, -2/61 HPs)
             Began as a Gargoyle Fighter on Dec 22, 2021.
             Was a Priest of Okawaru.
             Slain by a two-headed ogre (23 damage)
             ... on level 9 of the Dungeon.
             The game lasted 00:18:09 (11126 turns).

bande the Cleaver (Gargoyle Fighter)               Turns: 11126, Time: 00:18:10

Health: -2/61      AC: 24    Str: 19    XL:     10   Next: 52%
Magic:  13/13      EV:  2    Int: 10    God:    Okawaru [***...]
Gold:   303        SH: 15    Dex: 13    Spells: 9/9 levels left

rFire   . . .      SeeInvis .   g - +4 war axe (venom)
rCold   . . .      Faith    +   c - +1 tower shield
rNeg    + . .      Spirit   .   E - +0 plate armour
rPois   ∞          Reflect  .   m - +0 helmet
rElec   +          Harm     .   o - +0 cloak {Stlth+}
rCorr   .          Rampage  .   (no gloves)
Will    .....                   q - +0 pair of boots
Stlth   ..........              b - amulet of faith
HPRegen 0.20/turn               (no ring)
MPRegen 0.13/turn               (no ring)

@: no status effects
A: sickness immunity, AC +7, negative energy resistance 1, electricity
resistance, torment resistance 1, petrification resistance
a: Renounce Religion, Heroism


You were on level 9 of the Dungeon.
You worshipped Okawaru.
Okawaru was most pleased with you.
You visited 2 branches of the dungeon, and saw 10 of its levels.
You also visited: Ossuary.

You collected 303 gold pieces.

Inventory:

Hand Weapons
 g - a +4 war axe of venom (weapon)
 v - a +2 war axe
 y - a +1 morningstar of holy wrath
Armour
 c - a +1 tower shield (worn)
 m - a +0 helmet (worn)
 o - a +0 cloak of stealth (worn)
 q - a +0 pair of boots (worn)
 E - a +0 plate armour (worn)
Jewellery
 b - an amulet of faith (around neck)
 f - an amulet of regeneration
 p - an amulet of magic regeneration
Wands
 r - a wand of polymorph (7)
 s - a wand of flame (12)
Scrolls
 i - a scroll of brand weapon
 k - 5 scrolls of teleportation
 l - 3 scrolls of enchant armour
 t - 2 scrolls of fog
 w - a scroll of silence
 A - 2 scrolls of blinking
 G - a scroll of enchant weapon
Potions
 d - 2 potions of might
 e - a potion of curing
 h - a potion of haste
 j - a potion of berserk rage
 n - 3 potions of flight
 u - a potion of brilliance
 x - a potion of invisibility {unknown}
 z - a potion of cancellation {unknown}
 B - a potion of ambrosia
 C - a potion of mutation {unknown}
 D - a potion of degeneration {unknown}
 F - 2 potions of magic


   Skills:
 + Level 6.4 Fighting
 + Level 8.6 Axes
 + Level 7.5 Armour
 - Level 0.2 Dodging
 + Level 7.6 Shields
 * Level 4.1 Invocations
 * Level 4.7 Evocations


You had 9 spell levels left.
You didn't know any spells.
Your spell library contained the following spells:

 Spells                   Type           Power      Damage    Failure   Level
 Magic Dart               Conj           0%         1d3       100%        1
 Searing Ray              Conj           0%         2d4       100%        2
 Cause Fear               Hex            0%         N/A       100%        4
 Fulminant Prism          Conj/Hex       0%         3d6       100%        4
 Passage of Golubria      Tloc           0%         N/A       100%        4
 Silence                  Hex/Air        0%         N/A       100%        5
 Dragon Form              Tmut           0%         N/A       100%        7
 Lehudib's Crystal Spear  Conj/Erth      0%         10d2      100%        8
 Dragon's Call            Summ           Unusable   N/A       N/A         9

Dungeon Overview and Level Annotations

Branches:
Dungeon (9/15)             Temple (1/1) D:6         Ossuary (visited)
   Lair: D:8-11         Orc: D:9-12

Altars:
Dithmenos
Fedhas
Kikubaaqudgha
Okawaru
Ru
Trog
Zin

Shops:
D:7 [

Annotations:
D:7 2 transporters, KennySheep's ghost, novice DECj


Innate Abilities, Weirdness & Mutations

You are immune to sickness and miasma.
Your stone body is resilient. (AC +7)
You are immune to poison.
You resist negative energy. (rN+)
You are resistant to electric shocks. (rElec)
You are resistant to unholy torment.
You are immune to petrification.


Message History

You slash the wight!
You destroy the wight!
Okawaru accepts your kill.
Things that are here:
a +3 great sword; a +0 robe You start resting.
HP restored.
Things that are here:
a +4 battleaxe of freezing; a +0 robe
Things that are here:
a +2 war axe; a +0 robe
v - a +2 war axe Drop what? 33/52 slots (_ for help) (? for menu, Esc to quit)
You drop a +0 war axe.
Done exploring.
There is a stone staircase leading down here.
You climb downwards.
There is a stone staircase leading up here.
A two-headed ogre comes into view.
It is wielding a +0 giant club and a +0 giant spiked club.
There is a stone staircase leading up here.
You slash the two-headed ogre!
The two-headed ogre looks as sick as possible!
The two-headed ogre is moderately wounded.
You block the two-headed ogre's attack. x2
You hit the two-headed ogre but do no damage.
The two-headed ogre looks as sick as possible!
The two-headed ogre is moderately wounded.
The two-headed ogre hits you with a +0 giant club.
You block the two-headed ogre's attack.
You hit the two-headed ogre.
The two-headed ogre looks as sick as possible!
The two-headed ogre is heavily wounded.
The two-headed ogre hits you with a +0 giant club!
The two-headed ogre hits you with a +0 giant spiked club!!
You slash the two-headed ogre!
The two-headed ogre looks as sick as possible!
The two-headed ogre is severely wounded.
You block the two-headed ogre's attack.
The two-headed ogre hits you with a +0 giant spiked club!!
You die...

. ..##
.....########
.......O@...#
............#
............#
...............
............#.#
...$..........#
............###
............#
.....#..#.###


You could see a two-headed ogre (extremely poisoned).

Vanquished Creatures
  A two-headed ogre (D:8)
  Pikel (D:8)
  A komodo dragon (D:7)
  A troll (D:6)
  A hornet (D:8)
  Sigmund (D:4)
  A steam dragon (D:7)
  A water moccasin (D:8)
  4 ice beasts
  2 orc warriors (D:8)
  2 sky beasts
  A necrophage (D:6)
  3 centaurs
  A phantom (D:5)
  2 lemures (D:8)
  Blork the orc (D:4)
  A scorpion (D:7)
  A bullfrog (D:7)
  4 water moccasin zombies (Ossuary)
  A water moccasin skeleton (D:7)
  5 killer bees (D:8)
  4 wights (D:8)
  A bullfrog zombie (D:5)
  2 centaur zombies
  A gnoll shaman (D:6)
  3 jellies
  2 hounds (D:5)
  Crazy Yiuf (D:2)
  2 centaur skeletons
  2 orc priests
  2 iguanas
  3 orc wizards
  2 hound skeletons
  2 mummies (Ossuary)
  A howler monkey zombie (D:7)
  Robin (D:2)
  5 gnolls
  9 adders
  A white imp (D:7)
  5 adder zombies (Ossuary)
  3 worms
  A dart slug (D:2)
  12 orcs
  10 endoplasms
  2 giant cockroaches (D:1)
  3 gnoll zombies (Ossuary)
  10 goblins (D:2)
  6 hobgoblins
  2 jackals (D:5)
  5 kobolds
  6 quokkas
  A ball python (D:3)
  8 bats
  4 frilled lizards
  5 hobgoblin zombies (Ossuary)
  5 kobold zombies (Ossuary)
  5 orc zombies (Ossuary)
  3 rats
176 creatures vanquished.

Vanquished Creatures (others)
  An orc wizard (D:6)
1 creature vanquished.

Grand Total: 177 creatures vanquished

Notes
Turn   | Place    | Note
-------+----------+-------------------------------------------
     0 | D:1      | bande the Gargoyle Fighter began the quest for the Orb.
     0 | D:1      | Reached XP level 1. HP: 14/14 MP: 1/1
   175 | D:1      | Reached XP level 2. HP: 15/19 MP: 2/2
   962 | D:1      | Reached skill level 2 in Axes
  1027 | D:1      | Found a faded altar of an unknown god.
  1216 | D:2      | Reached XP level 3. HP: 23/23 MP: 3/3
  1524 | D:2      | Found a runed translucent door.
  1525 | D:2      | Noticed Crazy Yiuf
  1965 | D:2      | Reached XP level 4. HP: 21/28 MP: 4/4
  2300 | D:2      | Noticed Robin
  2316 | D:2      | Killed Robin
  2322 | D:2      | Reached skill level 3 in Axes
  2677 | D:2      | Reached XP level 5. HP: 30/33 MP: 5/5
  2834 | D:2      | Killed Crazy Yiuf
  3343 | D:3      | Found a glowing silver altar of Zin.
  3849 | D:3      | Reached skill level 4 in Axes
  3854 | D:3      | Reached XP level 6. HP: 4/38 MP: 6/6
  4380 | D:4      | Noticed Blork the orc
  4387 | D:4      | Killed Blork the orc
  4945 | D:4      | Noticed Sigmund
  4955 | D:4      | Killed Sigmund
  4956 | D:4      | Reached skill level 5 in Axes
  4956 | D:4      | Reached skill level 5 in Armour
  4956 | D:4      | Reached XP level 7. HP: 41/44 MP: 7/7
  5794 | D:5      | Entered Level 5 of the Dungeon
  6100 | D:5      | Reached skill level 1 in Evocations
  6100 | D:5      | Reached XP level 8. HP: 35/48 MP: 8/8
  6230 | D:5      | Reached skill level 5 in Shields
  6732 | D:6      | Reached skill level 6 in Axes
  7095 | D:5      | Reached skill level 5 in Fighting
  7227 | D:5      | Found a blossoming altar of Fedhas.
  7809 | D:6      | Noticed a troll
  7819 | D:6      | Killed a troll
  7820 | D:6      | Reached XP level 9. HP: 21/54 MP: 9/9
  8427 | D:6      | Found a staircase to the Ecumenical Temple.
  8436 | Temple   | Entered the Ecumenical Temple
  8518 | Temple   | Became a worshipper of Warmaster Okawaru
  8699 | D:7      | Found a transporter.
  8700 | D:7      | Found a transporter.
  8703 | D:7      | Noticed a two-headed ogre
  8703 | D:7      | Noticed KennySheep's ghost (novice DECj)
  8705 | D:7      | Found a bloodstained altar of Trog.
  8799 | D:7      | Reached skill level 7 in Axes
  8813 | D:7      | Noticed a komodo dragon
  8831 | D:7      | Killed a komodo dragon
  8832 | D:7      | Reached skill level 1 in Invocations
  8996 | D:7      | Noticed a moth of wrath
  9148 | D:7      | Reached * piety under Okawaru
  9214 | D:7      | Found Oratur's Armour Emporium.
  9721 | D:8      | Noticed a two-headed ogre
  9729 | D:8      | Killed a two-headed ogre
  9781 | D:8      | Noticed a hornet
  9787 | D:8      | Reached ** piety under Okawaru
  9788 | D:8      | Reached XP level 10. HP: 58/60 MP: 12/12
  9791 | D:8      | Reached skill level 8 in Axes
  9873 | D:8      | Found a sand-covered staircase.
  9878 | Ossuary  | Entered an ossuary
 10345 | D:8      | Noticed Pikel
 10362 | D:8      | Killed Pikel
 10362 | D:8      | Reached *** piety under Okawaru
 11116 | D:9      | Noticed a two-headed ogre
 11126 | D:9      | Slain by a two-headed ogre

Illustrated notes

Levels and vault maps discovered:
D:1:      sevenhm_arrival_forest_fort_small_5, layout_basic,
          ebering_ecumenical_altar_ruins
D:2:      layout_loops_ring, corexii_item_surrounded_by_moat, minivault_24,
          uniq_robin, uniq_crazy_yiuf_cottage
D:3:      layout_loops_cross, mainiacjoe_overflow_cross_hatched,
          minmay_fountain_box
D:4:      layout_basic, uniq_blork_the_orc, uniq_sigmund
D:5:      layout_basic, marbit_many_paths
D:6:      layout_loops_ring, temple_fountains
D:7:      layout_gridville, serial_shops, shop,
          gammafunk_ghost_wrathful_warriors, patterned_corridor
D:8:      layout_cave_pods, enter_ossuary_2, uniq_pikel
D:9:      layout_rooms, uniq_psyche
Temple:   mainiacjoe_temple_cubbyholes

Skill      XL: |  1  2  3  4  5  6  7  8  9 10 |
---------------+-------------------------------+-----
Axes           | 2 3 4 5 6 7 8 |  8.6
Armour         | 4 5 6 7 |  7.5
Fighting       | 4 5 6 |  6.4
Shields        | 4 5 7 |  7.6
Evocations     | 1 2 4 |  4.7
Invocations    | 3 4 |  4.1
Dodging        | |  0.2

Action                   |  1- 3 |  4- 6 |  7- 9 | 10-12 || total
-------------------------+-------+-------+-------+-------++-------
Melee: War axe           |   104 |   147 |   219 |   147 ||   617
  Use: Potion            |     1 |       |     3 |       ||     4
       Scroll            |       |     8 |     6 |     7 ||    21
Armor: Scale mail        |    21 |       |       |       ||    21
       Chain mail        |    39 |    97 |   190 |    53 ||   379
       Plate armour      |       |       |       |    38 ||    38
Dodge: Dodged            |    40 |    58 |    35 |    20 ||   153
Block: Buckler           |    27 |    26 |     2 |       ||    55
       Tower shield      |       |       |   240 |   136 ||   376

Table legend: (Time is in decaauts)
 A = Elapsed time spent in this place.
 B = Non-inter-level travel time spent in this place.
 C = Inter-level travel time spent in this place.
 D = Time resting spent in this place.
 E = Time spent auto-exploring this place.
 F = Levels seen in this place.
 G = Mean time per level.
                   A        B        C        D        E       F      G
               +--------+--------+--------+--------+--------+-----+--------+
         Total |  11418 |  11332 |     86 |   2487 |   6897 |  11 | 1038.0 |
       Dungeon |  11018 |  10932 |     86 |   2487 |   6678 |   9 | 1224.2 |
        Temple |    132 |    132 |      0 |      0 |     68 |   1 |  132.0 |
       Ossuary |    267 |    267 |      0 |      0 |    151 |   1 |  267.0 |
               +--------+--------+--------+--------+--------+-----+--------+

Top non-repeatable levels by time:
     D:2: 1958 daAuts
     D:6: 1708 daAuts
     D:4: 1439 daAuts
     D:3: 1313 daAuts
     D:8: 1197 daAuts
     D:1: 1177 daAuts
     D:5: 1156 daAuts
     D:7: 1046 daAuts
 Ossuary: 267 daAuts
  Temple: 132 daAuts
     D:9: 19 daAuts
